[Event "Early-Titled-Tuesday-Blitz-September-12-2023"]
[Site "Chess.com"]
[Date "2023.09.12"]
[Round "5"]
[White "dzilleruelo"]
[Black "CrushingKings"]
[Result "1-0"]
[WhiteElo "2336"]
[BlackElo "2521"]
[TimeControl "180+1"]
[EndTime "8:55:05 PDT"]
[Termination "dzilleruelo won on time"]

1. e4 g6 2. d4 Bg7 3. Nc3 c6 4. Bf4 d5 5. Qd2 dxe4 6. Nxe4 Nf6 7. Nxf6+ exf6 8. O-O-O O-O 9. Bh6 Bxh6 10. Qxh6 Qd5 11.
Kb1 Qg5 12. Qxg5 fxg5 13. h4 gxh4 14. Rxh4 Kg7 15. Re4 Be6 16. Nf3 Nd7 17. Ng5 Bf5 18. Rh4 h6 19. Nf3 g5 20. Rh1 Rfe8 21. Re1 g4 22. Ne5 Nxe5 23. dxe5 Rad8 24. Kc1 Rd5 25. e6 Rc5 26. c3 Rxe6 27. Rxe6 fxe6 28. Be2 Ra5 29.
a3 Re5 30. Kd2 a5 31. Rh5 Kg6 32. Rh4 Kg5 33. g3 h5 34. Rh1 Be4 35. Re1 Bf3 36.
Bxf3 Rxe1 37. Kxe1 gxf3 38. Kd2 h4 39. gxh4+ Kxh4 40. Ke3 Kg4 41. Ke4 e5 42. c4 b6 43. b4 axb4 44. axb4 b5 45. c5 Kg5 46. Kxe5 Kg4 47. Ke4 Kg5 48. Kxf3 1-0

[Event "Early-Titled-Tuesday-Blitz-September-12-2023"]
[Site "Chess.com"]
[Date "2023.09.12"]
[Round "5"]
[White "Hanging_pointer"]
[Black "MatthewG-p4p"]
[Result "1/2-1/2"]
[WhiteElo "2638"]
[BlackElo "2886"]
[TimeControl "180+1"]
[EndTime "8:55:06 PDT"]
[Termination "Game drawn by repetition"]

1. d4 Nf6 2. c4 c5 3. dxc5 e6 4. Nc3 Bxc5 5. Nf3 O-O 6. e3 Qe7 7. Be2 d5 8. cxd5 Rd8 9. O-O exd5 10. Nb5 Nc6 11. Nbd4 Ne4 12. Nxc6 bxc6 13. Bd2 Rd6 14. Rc1 Rg6 15. Nd4 Bh3 16. Bf3 Bxg2 17. Bxg2 Qg5 18. Qf3 Nxd2 19. Qg3 Qh5 20. Rxc5 Rxg3 21. hxg3 Nxf1 22. Bxf1 Qe5 23. Rxc6 h5 24. Bg2 a5 25. Rc5 Ra7 26. Rc8+ Kh7 27. Nc6 Qxb2 28. Nxa7 Qb7 29.
Rd8 Qxa7 30. Rxd5 g6 31. a4 Qc7 32. Rd4 Qc1+ 33. Bf1 Qc2 34. Kg2 Kg7 35. Bb5 Qc5 36. Kf3 Qf5+ 37. Kg2 g5 38. Be2 Qg6 39. Bb5 f6 40.
Be2 Qe8 41. Bd3 Qc6+ 42. Kf1 Qh1+ 43. Ke2 h4 44. gxh4 gxh4 45. Rg4+ Kf8 46. Be4 Qh2 47. Bf5 Qh1 48. Be4 Qh3 49. Rf4 Ke7 50. Bc2 Qh2 51. Be4 h3 52. Kf1 Ke6 53. Bf3 f5 54. Ba8 Ke5 55. Bf3 Ke6 56. Bb7 Kf6 57. Bf3 Kg5 58. Ba8 Kg6 59. Bf3 Kf6 60. Bb7 Ke5 61.
Ba8 Ke6 62. Bf3 Ke5 63. Bb7 Ke6 64. Ba8 Ke5 65. Bb7 Ke6 66. Ba8 1/2-1/2

[Event "Early-Titled-Tuesday-Blitz-September-12-2023"]
[Site "Chess.com"]
[Date "2023.09.12"]
[Round "5"]
[White "parintele_chess"]
[Black "ErikRonka"]
[Result "1-0"]
[WhiteElo "2268"]
[BlackElo "2525"]
[TimeControl "180+1"]
[EndTime "8:55:06 PDT"]
[Termination "parintele_chess won on time"]

1. d4 d5 2. Bf4 c5 3. e3 Nc6 4.
Nf3 Nf6 5. Nbd2 e6 6. c3 Nh5 7.
Bg5 f6 8. Bh4 g6 9. Bb5 a6 10.
Bxc6+ bxc6 11. Ne5 Ng7 12. Ng4 g5 13. Qf3 Be7 14.
Bg3 h5 15. Ne5 fxe5 16. Bxe5 Rf8 17. Qe2 Bf6 18. Nf3 g4 19. Bxf6 Qxf6 20. Ne5 Bd7 21. b4 cxb4 22. cxb4 Nf5 23. Rc1 Nd6 24. h3 Nf7 25.
Nd3 e5 26. hxg4 hxg4 27. Nc5 Bf5 28. Nxa6 Rc8 29. b5 Ng5 30. Nb4 Be4 31. bxc6 Nf3+ 32. gxf3 Bxf3 33. Qf1 Bxh1 34. c7 Bf3 35. Qb5+ 1-0

[Event "Early-Titled-Tuesday-Blitz-September-12-2023"]
[Site "Chess.com"]
[Date "2023.09.12"]
[Round "5"]
[White "TimofeevAr"]
[Black "GlavkonVVS"]
[Result "1-0"]
[WhiteElo "2840"]
[BlackElo "2574"]
[TimeControl "180+1"]
[EndTime "8:55:07 PDT"]
[Termination "TimofeevAr won by checkmate"]

1. c4 c5 2. Nc3 Nc6 3. Nf3 g6 4. g3 Bg7 5. Bg2 Nf6 6. O-O d6 7. d4 cxd4 8. Nxd4 Bd7 9. e3 O-O 10. b3 a6 11. Bb2 Rc8 12. Rc1 Qa5 13. Nde2 b5 14. cxb5 axb5 15. Nf4 b4 16. Na4 Ne5 17. Qd2 Bxa4 18. bxa4 Qxa4 19. Rxc8 Rxc8 20. Bxe5 dxe5 21. Nd5 Nxd5 22. Bxd5 Rc2 23. Qd3 Rc3 24. Qe4 e6 25. Bb3 Qe8 26. Qxb4 Qc8 27. Rd1 Bf8 28. Qe4 Qc5 29.
Kg2 Kg7 30. Rd7 Be7 31. Qb7 Kf8 32. Ba4 h5 33. h4 Rc4 34. Bb3 Qc6+ 35. Qxc6 Rxc6 36.
Rb7 Rc3 37. a4 Rc5 38. Bd1 Rc1 39. Be2 Rc2 40. Bb5 Bc5 41. Rc7 Rc3 42. a5 Bd4 43. Rxc3 Bxc3 44. a6 Ke7 45. a7 Kd6 46. a8=Q Ke7 47.
Qb7+ Kf6 48. Be8 Kf5 49. Qxf7+ Kg4 50. Qxg6# 1-0

[Event "Early-Titled-Tuesday-Blitz-September-12-2023"]
[Site "Chess.com"]
[Date "2023.09.12"]
[Round "5"]
[White "hellokostya"]
[Black "stasOR4ik"]
[Result "1-0"]
[WhiteElo "2605"]
[BlackElo "2436"]
[TimeControl "180+1"]
[EndTime "8:55:07 PDT"]
[Termination "hellokostya won by resignation"]

1. Nf3 d5 2. e3 c5 3. c4 Nf6 4. cxd5 Nxd5 5. Nc3 Nc6 6. b3 g6 7. Bb2 Bg7 8. Be2 O-O 9. a3 b6 10. Qc2 Bf5 11. e4 Nxc3 12. dxc3 Bg4 13. h3 Bxf3 14.
Bxf3 Qc7 15. O-O Rad8 16. Rad1 Qf4 17. Be2 Be5 18. g3 Qf6 19. f4 Bc7 20. e5 Qe6 21. Bg4 f5 22. Bf3 Nxe5 23. fxe5 Qxe5 24. Qg2 Qxg3 25. Qxg3 Bxg3 26. Bd5+ Kg7 27. c4+ Kh6 28.
Kg2 Bd6 29. Bc1+ g5 30. h4 f4 31. hxg5+ Kxg5 32. Kf3 e5 33. Rg1+ Kf6 34. Rh1 Rd7 35. Rdg1 Rg7 36. Rh6+ Rg6 37. Rhh1 Kf5 38. Be4+ Kf6 39.
Bxg6 hxg6 40. Rh6 Kf5 41. Rgxg6 e4+ 42. Kf2 e3+ 43. Kf3 Be5 44. Rg4 Rd8 45. Rh5+ Kf6 46. Rh6+ Kf7 47. Rg5 Rd1 48. Rxe5 Rf1+ 49. Kg4 Rxc1 50.
Kxf4 Rc3 51. Rxe3 1-0

[Event "Early-Titled-Tuesday-Blitz-September-12-2023"]
[Site "Chess.com"]
[Date "2023.09.12"]
[Round "5"]
[White "Nf3c5"]
[Black "Zheenbekov86"]
[Result "1-0"]
[WhiteElo "2587"]
[BlackElo "2405"]
[TimeControl "180+1"]
[EndTime "8:55:07 PDT"]
[Termination "Nf3c5 won on time"]

1. e4 e5 2. Nf3 Nc6 3. Bc4 Nf6 4. Ng5 d5 5. exd5 Na5 6. Bb5+ c6 7. dxc6 bxc6 8.
Be2 h6 9. Nh3 Bd6 10. d3 O-O 11. O-O c5 12. Kh1 Rb8 13. Ng1 Qc7 14. Nf3 e4 15.
dxe4 Nxe4 16. Nbd2 Nf6 17. b3 Rd8 18. Bb2 Nd5 19. Re1 Bf5 20. Bf1 Nb4 21. Ne4 Bxh2 22. Qe2 Re8 23. Nf6+ gxf6 24. Qxe8+ Rxe8 25. Rxe8+ Kg7 26. Nxh2 Nxc2 27. Rd1 Nc6 28. Nf3 Bg4 29. Be2 Bxf3 30.
Bxf3 N2d4 31. Rde1 Nxf3 32. gxf3 Qf4 33. Kg2 Nb4 34.
R1e4 Qd2 35. Rg4+ Kh7 36. Bxf6 1-0

[Event "Early-Titled-Tuesday-Blitz-September-12-2023"]
[Site "Chess.com"]
[Date "2023.09.12"]
[Round "5"]
[White "ItsCheckM8Mate"]
[Black "JiiHart"]
[Result "0-1"]
[WhiteElo "2377"]
[BlackElo "2144"]
[TimeControl "180+1"]
[EndTime "8:55:07 PDT"]
[Termination "JiiHart won on time"]

1. d4 d5 2. Nc3 e6 3. Bf4 a6 4. Nf3 c5 5. e3 Nf6 6. Be2 Nc6 7. O-O Be7 8. Ne5 O-O 9. dxc5 Bxc5 10. Bd3 Bd6 11.
Nxc6 bxc6 12. Bxd6 Qxd6 13. e4 e5 14. Qf3 d4 15.
Na4 Be6 16. b3 c5 17. Nb2 Nd7 18. a4 a5 19. Bc4 Nb6 20. Bxe6 Qxe6 21. Qe2 Rfc8 22. f4 f6 23. fxe5 fxe5 24. Rf5 c4 25.
bxc4 Nxc4 26. Nd3 g6 27. Rf2 Rf8 28. Rxf8+ Rxf8 29. Nc5 Qf7 30. h3 Ne3 31. Nd3 Qe7 32. c3 Qd6 33. Kh2 Kg7 34. Rb1 Rf7 35. cxd4 Qxd4 0-1

[Event "Early-Titled-Tuesday-Blitz-September-12-2023"]
[Site "Chess.com"]
[Date "2023.09.12"]
[Round "5"]
[White "Orest_Vovk"]
[Black "Gareth-Bale11"]
[Result "1-0"]
[WhiteElo "2557"]
[BlackElo "2771"]
[TimeControl "180+1"]
[EndTime "8:55:08 PDT"]
[Termination "Orest_Vovk won by resignation"]

1. e4 e5 2. Nf3 Nc6 3. Nc3 Nf6 4. Nxe5 Nxe5 5. d4 Nc6 6. e5 Bb4 7. exf6 Qxf6 8. Be3 O-O 9. Be2 Ne7 10. O-O d5 11.
Bg4 Bxc3 12. bxc3 Bxg4 13. Qxg4 Qf5 14. Qxf5 Nxf5 15. Bf4 Rac8 16. a4 a5 17. Rfe1 f6 18. g4 Nh4 19. Re7 Rf7 20. Re3 Rd7 21. Bg3 Ng6 22. Rb1 b6 23. f4 Re7 24. Rbe1 Kf7 25. f5 Rxe3 26. fxg6+ hxg6 27. Rxe3 c5 28. Bd6 g5 29.
Re7+ Kg6 30. Rc7 Re8 31. dxc5 bxc5 32. Rxc5 Re4 33. Rxa5 Rxg4+ 34. Kf2 Rc4 35. Rxd5 Rxc3 36. Rd2 Rc4 37. a5 Ra4 38. Bc7 Kf5 39. Bb6 g4 40. Rd4 Ra2 41. Rc4 g5 42. Kg3 Ra3+ 43. c3 Ra1 44.
Rc5+ Ke4 45. Kxg4 Rg1+ 46. Kh3 f5 47. Rc4+ Kf3 48. Bxg1 g4+ 49. Kh4 1-0

[Event "Early-Titled-Tuesday-Blitz-September-12-2023"]
[Site "Chess.com"]
[Date "2023.09.12"]
[Round "5"]
[White "lamomiajunior"]
[Black "BatboldNyamsuren0919"]
[Result "1-0"]
[WhiteElo "2716"]
[BlackElo "2482"]
[TimeControl "180+1"]
[EndTime "8:55:08 PDT"]
[Termination "lamomiajunior won on time"]

1. d4 Nf6 2. Nc3 g6 3. e4 d6 4. Be3 Bg7 5. Qd2 Ng4 6. Bg5 h6 7. Bh4 Nc6 8. f3 Nf6 9. Nge2 a6 10. O-O-O b5 11. Bf2 Bb7 12. Be3 Na5 13. Ng3 h5 14. h4 Qd7 15. Bd3 b4 16. Nce2 Qa4 17. Kb1 Nd7 18. Nc1 Nb6 19. Qe2 Rc8 20. Nb3 Nxb3 21. axb3 Qa5 22. f4 O-O 23. f5 c5 24.
dxc5 dxc5 25. fxg6 fxg6 26. Rhf1 Rxf1 27. Rxf1 Bc6 28.
Bc4+ Nxc4 29. Qxc4+ Kh7 30. Rf7 Qb5 31. Qe6 Rf8 32.
Qxe7 Rxf7 33. Qxf7 Be8 34. Qd5 Bc6 35. Qd6 Qb7 36.
e5 Bxg2 37. Bxc5 Qf3 38. e6 Bh3 39. e7 Qf7 40. Qd8 1-0

[Event "Early-Titled-Tuesday-Blitz-September-12-2023"]
[Site "Chess.com"]
[Date "2023.09.12"]
[Round "5"]
[White "Maus7"]
[Black "Abund"]
[Result "0-1"]
[WhiteElo "2493"]
[BlackElo "2740"]
[TimeControl "180+1"]
[EndTime "8:55:09 PDT"]
[Termination "Abund won on time"]

1. e4 e5 2. Nf3 Nc6 3. Bb5 Nf6 4. d3 Bc5 5. Bxc6 dxc6 6. Nbd2 Be6 7. O-O Bd6 8. d4 Nd7 9. dxe5 Nxe5 10. Nxe5 Bxe5 11. f4 Bd4+ 12. Kh1 f5 13. Qh5+ g6 14. Qe2 Qe7 15.
Re1 Bf6 16. Nf3 Bf7 17. e5 Bg7 18. a4 O-O-O 19. Be3 Kb8 20. c3 Bd5 21. b4 h6 22.
a5 Qf7 23. Kg1 g5 24. fxg5 f4 25. Bf2 Rde8 26. Qd3 hxg5 27. Nxg5 Qh5 28. Nh3 f3 29. Bg3 Bh6 30. gxf3 Qxh3 31. c4 Be6 32. Re2 Rd8 33.
Qc3 Rdg8 34. b5 Bf4 0-1

[Event "Early-Titled-Tuesday-Blitz-September-12-2023"]
[Site "Chess.com"]
[Date "2023.09.12"]
[Round "5"]
[White "DKmirl"]
[Black "Casper"]
[Result "0-1"]
[WhiteElo "2266"]
[BlackElo "2440"]
[TimeControl "180+1"]
[EndTime "8:55:10 PDT"]
[Termination "Casper won on time"]

1. d4 Nf6 2. Nf3 g6 3. g3 Bg7 4. Bg2 O-O 5. O-O b6 6. c4 Bb7 7. Nc3 d6 8. Qc2 Nc6 9. a3 e5 10. dxe5 Nxe5 11. Nxe5 Bxg2 12. Nxf7 Rxf7 13. Kxg2 Qd7 14.
Bg5 Qc6+ 15. Kg1 Qxc4 16. Rac1 Raf8 17. b3 Qg4 18. Bxf6 Bxf6 19. Nd5 Bd4 20. e3 Bc5 21. b4 Qf3 22. Nf4 Bxe3 23. fxe3 Qxe3+ 24. Qf2 Qxa3 25. Qd4 c5 26. bxc5 dxc5 27. Qe5 Qa4 28. Qe6 Qd4+ 29. Kg2 Kg7 30. Rcd1 Qb2+ 31. Rf2 Qf6 32. Qxf6+ Rxf6 33. Rd7+ R8f7 34. Ne6+ Kg8 0-1

[Event "Early-Titled-Tuesday-Blitz-September-12-2023"]
[Site "Chess.com"]
[Date "2023.09.12"]
[Round "5"]
[White "Durarbayli"]
[Black "mishanick"]
[Result "1-0"]
[WhiteElo "2909"]
[BlackElo "3070"]
[TimeControl "180+1"]
[EndTime "8:55:11 PDT"]
[Termination "Durarbayli won by checkmate"]

1. e4 c5 2. Nf3 e6 3. d4 cxd4 4. Nxd4 Nf6 5. Nc3 Nc6 6. Nxc6 bxc6 7. e5 Nd5 8. Ne4 Qc7 9. f4 Qb6 10. c4 Bb4+ 11. Ke2 f5 12. Nf2 Qa6 13. Kf3 Nc7 14.
h4 Be7 15. Kg3 Bb7 16. Be3 c5 17. Qh5+ g6 18. Qe2 O-O-O 19. Nd3 Qc6 20. Qf2 d6 21. exd6 Bxd6 22. Bxc5 Bxc5 23. Nxc5 e5 24. fxe5 Rhe8 25. Re1 f4+ 26. Kh2 Qb6 27. Kg1 f3 28. Nxb7 Qxb7 29. Rh3 Ne6 30. Rxf3 Nd4 31. Rf7 Qb6 32.
c5 Qxc5 33. Ba6+ Kb8 34. Rb7+ Ka8 35. Rxh7 Rxe5 36. Rxe5 Qxe5 37. Qf7 Qe3+ 38. Kh1 Qe1+ 39. Bf1 Qe6 40. Qb7# 1-0

[Event "Early-Titled-Tuesday-Blitz-September-12-2023"]
[Site "Chess.com"]
[Date "2023.09.12"]
[Round "5"]
[White "BlueWizzard"]
[Black "GP9isback23"]
[Result "1-0"]
[WhiteElo "2972"]
[BlackElo "2676"]
[TimeControl "180+1"]
[EndTime "8:55:11 PDT"]
[Termination "BlueWizzard won by resignation"]

1. e4 c5 2. Nf3 e6 3. b3 Nc6 4. Bb2 d6 5. d4 cxd4 6. Nxd4 Bd7 7. Nb5 Qb8 8. Ba3 d5 9. exd5 Bxa3 10. dxc6 bxc6 11.
N5xa3 Qe5+ 12. Be2 Qxa1 13. c3 Qxa2 14. O-O Qb2 15.
Nc4 Qa2 16. Nd6+ Kf8 17. Nb7 Nf6 18. Bc4 g6 19. Qd4 Kg7 20. Qe5 c5 21. Nd6 Bc6 22.
Nxf7 Kxf7 23. Qxe6+ Kg7 24. Qf7+ Kh6 25. Qxf6 Rac8 26.
Be6 Rcf8 27. Qe5 Qc2 28. Qe3+ Kg7 29. Qxc5 Ba8 30. Qxa7+ Kh6 31. Qe3+ Kg7 32. Nd2 Qb2 33. Nc4 Qc2 34. Qd4+ Kh6 35. Ne3 Qe4 36. Ng4+ Kh5 37.
Qxe4 Bxe4 38. Re1 Kg5 39. Rxe4 h5 40. Ne3 Kh6 41. h4 Rb8 42. b4 Rhd8 43. Bd5 Kg7 44. Re7+ 1-0

[Event "Early-Titled-Tuesday-Blitz-September-12-2023"]
[Site "Chess.com"]
[Date "2023.09.12"]
[Round "5"]
[White "jcibarra"]
[Black "play1ngtheangel"]
[Result "1-0"]
[WhiteElo "2931"]
[BlackElo "2664"]
[TimeControl "180+1"]
[EndTime "8:55:11 PDT"]
[Termination "jcibarra won by resignation"]

1. e4 c5 2. Nf3 Nc6 3. Nc3 d6 4.
d4 cxd4 5. Nxd4 Nf6 6. Nd5 e5 7.
Nxf6+ gxf6 8. Nb5 a6 9. Nc3 f5 10. Bc4 Nd4 11. Be3 Bg7 12. Qh5 Qc7 13. Bd3 fxe4 14.
Bxe4 Be6 15. O-O-O O-O-O 16. Bxd4 exd4 17. Nd5 Qc5 18. Rhe1 Kb8 19. Nf4 Qxh5 20. Nxh5 Bh6+ 21. Kb1 Bg4 22.
Bf3 Bxf3 23. gxf3 Rhe8 24. Nf6 Rxe1 25. Rxe1 Bf4 26. h4 Be5 27. Nxh7 Rh8 28. Ng5 f6 29. Ne6 Rxh4 30. f4 Bxf4 31. Nxd4 Bd2 32. Re8+ Ka7 33.
c3 Rh1+ 34. Kc2 Be1 35. f4 Bg3 36. Ne2 Rh2 37. Kd3 Bf2 38. Re6 Rh3+ 39. Kd2 f5 40. Rxd6 Be3+ 41. Kc2 Rf3 42. Rd3 Rh3 43. Kb3 Kb6 44.
Nd4 Rg3 45. Nxf5 1-0

[Event "Early-Titled-Tuesday-Blitz-September-12-2023"]
[Site "Chess.com"]
[Date "2023.09.12"]
[Round "5"]
[White "AlexPapasimakopoulos"]
[Black "TERMINATOR_PC"]
[Result "1-0"]
[WhiteElo "2774"]
[BlackElo "2531"]
[TimeControl "180+1"]
[EndTime "8:55:12 PDT"]
[Termination "AlexPapasimakopoulos won on time"]

1. d4 Nf6 2. c4 e6 3. Nc3 Bb4 4. Qb3 a5 5. a3 Bxc3+ 6. Qxc3 d6 7. f3 Nc6 8. e4 e5 9. d5 Ne7 10. Bd3 O-O 11. b3 Nh5 12. Ne2 f5 13. Bg5 fxe4 14.
Bxe4 h6 15. Bh4 Qe8 16. Bxe7 Qxe7 17. O-O b6 18. b4 axb4 19. axb4 Rxa1 20. Rxa1 Nf6 21.
Bc2 e4 22. Nf4 exf3 23. Ng6 Qe2 24. Qxf3 Qxc2 25. Nxf8 Bg4 26. Qe3 Kxf8 27. h3 Bf5 28.
Rc1 Qe4 29. Kf2 Qxe3+ 30. Kxe3 Ke7 31. Kd4 Nd7 32. Re1+ Ne5 33. c5 bxc5+ 34. bxc5 Bd7 35. c6 Be8 36. Ra1 Ng6 37. Ra7 Kd8 38. Ra8+ Ke7 39. Rc8 Ne5 40. Rxc7+ Kf6 41. Rc8 Ke7 42. Rc7+ Kd8 43.
Rxg7 1-0

[Event "Early-Titled-Tuesday-Blitz-September-12-2023"]
[Site "Chess.com"]
[Date "2023.09.12"]
[Round "5"]
[White "bennyficial"]
[Black "tylityli"]
[Result "0-1"]
[WhiteElo "2141"]
[BlackElo "2301"]
[TimeControl "180+1"]
[EndTime "8:55:12 PDT"]
[Termination "tylityli won on time"]

1. Nf3 Nf6 2. c4 c5 3. Nc3 d5 4.
cxd5 Nxd5 5. g3 Nc7 6. Bg2 Nc6 7. O-O e5 8. d3 Be7 9. Bd2 O-O 10. Rc1 f6 11. Ne4 Ne6 12. Ne1 Ncd4 13. Nc2 Rb8 14. e3 Nxc2 15. Qxc2 b6 16. Rfd1 Ba6 17. Be1 Qe8 18. Nc3 Bb7 19. Qb3 Qf7 20. Bd5 Bxd5 21. Nxd5 Rfd8 22. a4 Kh8 23. Nxe7 Qxe7 24. a5 Ng5 25. f4 Nf3+ 26. Kf2 Nxh2 27. Bc3 Ng4+ 28.
Kf3 h5 29. Rh1 g6 30. Rh4 Kg7 31. Rch1 exf4 32. Rxg4 hxg4+ 33. Kxf4 Rh8 34. Rxh8 Rxh8 35. axb6 axb6 36. Qxb6 g5+ 37. Kf5 Qd7+ 38. Qe6 Qxd3+ 39. Qe4 Qf1+ 40. Ke6 Qf3 0-1

[Event "Early-Titled-Tuesday-Blitz-September-12-2023"]
[Site "Chess.com"]
[Date "2023.09.12"]
[Round "5"]
[White "GianmarcoVaR"]
[Black "Cayse"]
[Result "1-0"]
[WhiteElo "2627"]
[BlackElo "2849"]
[TimeControl "180+1"]
[EndTime "8:55:13 PDT"]
[Termination "GianmarcoVaR won on time"]

1. Nf3 b6 2. g3 Bb7 3. Bg2 e5 4.
d3 g6 5. O-O Bg7 6. c4 Ne7 7.
Nc3 O-O 8. Bd2 c5 9. e4 d6 10. a3 Nbc6 11. Nd5 f5 12. b4 Qd7 13. b5 Nd8 14. a4 Nxd5 15. cxd5 a6 16. Qb3 Nf7 17.
Bh3 Kh8 18. Nh4 Nh6 19. Bg5 axb5 20. axb5 Rxa1 21. Rxa1 Qf7 22. Qc2 Bc8 23. Qd2 Ng8 24.
Ra8 h6 25. Be3 f4 26. Rxc8 Rxc8 27. Bxc8 fxe3 28. Qxe3 Ne7 29. Be6 Qe8 30. Qf3 Qf8 31. Qf7 Qxf7 32. Bxf7 g5 33. Ng2 Bf8 34. Ne3 Nc8 35. Nc4 Kg7 36. Be6 Na7 37. Bd7 Kf6 38. Nxb6 Ke7 39. Bc6 Kd8 40. Nc4 1-0

[Event "Early-Titled-Tuesday-Blitz-September-12-2023"]
[Site "Chess.com"]
[Date "2023.09.12"]
[Round "5"]
[White "pirulillo"]
[Black "masterofpuppets2"]
[Result "0-1"]
[WhiteElo "2297"]
[BlackElo "2503"]
[TimeControl "180+1"]
[EndTime "8:55:16 PDT"]
[Termination "masterofpuppets2 won by resignation"]

1. e4 c5 2. Nf3 Nc6 3. b4 cxb4 4. d4 d6 5. d5 Nb8 6. Bb2 Nf6 7. Nbd2 Nbd7 8.
Bb5 g6 9. g4 h6 10. h4 Bg7 11.
Rg1 Kf8 12. Qe2 Qb6 13. Ba4 Nc5 14. Bb3 a5 15. a4 bxa3 16. Rxa3 Nxg4 17. Bxg7+ Kxg7 18. e5 Nxe5 19. Nxe5 dxe5 20. Nc4 Qf6 21. h5 g5 22.
Nxe5 a4 23. Ba2 Rf8 24. Rf3 Qd6 25. Qe3 Nd7 26. Rxg5+ hxg5 27. Qxg5+ Kh7 28. Ng4 Nc5 29. c4 Bxg4 30. Bb1+ f5 31. Qxg4 e6 32. Rxf5 exf5 33. Bxf5+ Rxf5 34. Qxf5+ Kh8 35. h6 Re8+ 36. Kf1 Qe5 37. Qg6 Qe2+ 38. Kg2 Rg8 39. Qg7+ Rxg7+ 40. hxg7+ Kxg7 41. d6 Kf6 42. d7 Nxd7 0-1

[Event "Early-Titled-Tuesday-Blitz-September-12-2023"]
[Site "Chess.com"]
[Date "2023.09.12"]
[Round "5"]
[White "LileKoridze"]
[Black "Alex_Banzea"]
[Result "1-0"]
[WhiteElo "2379"]
[BlackElo "2619"]
[TimeControl "180+1"]
[EndTime "8:55:18 PDT"]
[Termination "LileKoridze won on time"]

1. d4 d5 2. c4 e6 3. Nf3 Nf6 4. g3 Be7 5. Bg2 O-O 6. O-O dxc4 7. Qc2 a6 8. a4 Bd7 9. Bg5 Bc6 10. Qxc4 Nbd7 11.
Nc3 h6 12. Bxf6 Nxf6 13. Ne5 Bxg2 14. Kxg2 c6 15. Rad1 a5 16. Qb3 Qc7 17. e4 Rad8 18.
Nc4 Bb4 19. e5 Nd5 20. Ne4 Be7 21. Nc5 Nb4 22. Ne4 Rd5 23. Ncd6 Bxd6 24. Nxd6 b6 25. Qc4 Qd7 26. f4 Rxd6 27. exd6 Qxd6 28. Rfe1 Rd8 29.
Re5 g6 30. Re2 c5 31. Red2 Qc6+ 32. Kg1 Qe4 33. b3 Qe3+ 34. Kg2 cxd4 35. Rxd4 Nd5 36. Re4 Qc5 37. Qxc5 bxc5 38. Rc1 Rb8 39. Rxc5 Rxb3 40.
Rxa5 Rb2+ 41. Kf1 g5 42. fxg5 hxg5 43. h4 gxh4 44. Rxh4 Kg7 45. Ra7 Kg6 46. a5 f5 47.
a6 1-0

[Event "Early-Titled-Tuesday-Blitz-September-12-2023"]
[Site "Chess.com"]
[Date "2023.09.12"]
[Round "5"]
[White "AleksandrAleksikov"]
[Black "LangesNasenhaar"]
[Result "0-1"]
[WhiteElo "2272"]
[BlackElo "2458"]
[TimeControl "180+1"]
[EndTime "8:55:18 PDT"]
[Termination "LangesNasenhaar won on time"]

1. e4 g6 2. d4 Bg7 3. Nf3 c6 4. Bd3 d5 5. h3 dxe4 6. Bxe4 Nf6 7. Bd3 O-O 8. O-O Qc7 9. Re1 Re8 10. Qe2 c5 11. Nc3 cxd4 12. Nb5 Qb6 13. Nbxd4 e5 14. Nb3 Nc6 15. Bc4 Be6 16. Be3 Qc7 17. Bxe6 Rxe6 18.
Qc4 Rc8 19. c3 h6 20. Rad1 Ree8 21. Rd2 a6 22. Red1 Nd4 23. Qxc7 Nxf3+ 24. gxf3 Rxc7 25.
f4 Rce7 26. fxe5 Rxe5 27. Rd6 Nh5 28. Kg2 R5e7 29. Nc5 Be5 30. Rd7 Bf4 31. Rxe7 Rxe7 32.
Kf3 Bxe3 33. fxe3 Nf6 34. Rd3 Kf8 35. a4 Ke8 36. a5 Nd7 37. Nxb7 Ne5+ 38. Ke2 Nxd3 39.
Nd6+ Kd7 40. Nc4 Ne5 0-1

[Event "Early-Titled-Tuesday-Blitz-September-12-2023"]
[Site "Chess.com"]
[Date "2023.09.12"]
[Round "5"]
[White "enestnrvrd"]
[Black "shimastream"]
[Result "1-0"]
[WhiteElo "2750"]
[BlackElo "2954"]
[TimeControl "180+1"]
[EndTime "8:55:19 PDT"]
[Termination "enestnrvrd won on time"]

1. Nf3 d5 2. d4 Nf6 3. c4 e6 4. Nc3 c6 5. e3 Be7 6. Qc2 O-O 7. Be2 b6 8. O-O Bb7 9. b3 Nbd7 10. Bb2 c5 11.
Rad1 Rc8 12. Qb1 Qc7 13. Rfe1 Rfd8 14. h3 a6 15. Qa1 Qb8 16. dxc5 bxc5 17. cxd5 exd5 18.
Nh2 Qa8 19. Bf1 Nf8 20. Na4 Qa7 21. Ng4 Nxg4 22. hxg4 Ne6 23. Bd3 g6 24. Be5 Bc6 25. Nc3 Qb7 26. e4 dxe4 27. Bxe4 Nd4 28. Bxc6 Qxc6 29.
Qc1 Bf6 30. Bxf6 Qxf6 31. Ne4 Qe5 32. g5 Kg7 33. Qa1 h6 34. b4 cxb4 35. Ng3 Qc5 36.
Ne2 Qxg5 37. Nxd4 Kg8 38. Nf3 Qc5 39. Qf6 a5 40. Rxd8+ 1-0

[Event "Early-Titled-Tuesday-Blitz-September-12-2023"]
[Site "Chess.com"]
[Date "2023.09.12"]
[Round "5"]
[White "Shuvalov"]
[Black "Arimin1329"]
[Result "1/2-1/2"]
[WhiteElo "2426"]
[BlackElo "2255"]
[TimeControl "180+1"]
[EndTime "8:55:19 PDT"]
[Termination "Game drawn - insufficient material"]

1. d4 d5 2. c4 e6 3. Nf3 Nf6 4.
Nc3 c5 5. cxd5 Nxd5 6. e4 Nxc3 7.
bxc3 cxd4 8. cxd4 Bb4+ 9. Bd2 Bxd2+ 10. Qxd2 O-O 11. h4 b6 12. h5 h6 13. Rh3 Bb7 14.
Bd3 Nc6 15. e5 Ne7 16. Rg3 Kh8 17. Qf4 Nf5 18. Bxf5 exf5 19. Rd1 Be4 20. Nh4 Qc8 21. f3 Qc3+ 22. Kf2 Bc2 23. Rd2 Rad8 24. d5 Rfe8 25. Qd4 Qxd4+ 26. Rxd4 Rxe5 27. d6 Re6 28. d7 Re7 29. f4 Rexd7 30. Rxd7 Rxd7 31. Rc3 Be4 32. Nf3 Bxf3 33. Kxf3 g6 34. g4 fxg4+ 35. Kxg4 Kg7 36. Rc6 Rd2 37. a4 Rg2+ 38. Kf3 Ra2 39. hxg6 Rxa4 40. gxf7 Kxf7 41. Rxh6 b5 42. Kg4 b4 43. Kf5 Ra5+ 44. Ke4 Rb5 45. Rh7+ Ke6 46. Rxa7 b3 47. Ra1 Kd6 48.
Rb1 Kc5 49. f5 Kc4 50. f6 Kc3 51. f7 Rb8 52. Ke5 Kc2 53. Rf1 b2 54. Ke6 Rb6+ 55. Ke7 Rb7+ 56. Ke8 b1=Q 57. Rxb1 Kxb1 58. f8=Q Rb8+ 59.
Kf7 Rxf8+ 60. Kxf8 1/2-1/2

[Event "Early-Titled-Tuesday-Blitz-September-12-2023"]
[Site "Chess.com"]
[Date "2023.09.12"]
[Round "5"]
[White "Rsnr"]
[Black "DenLaz"]
[Result "0-1"]
[WhiteElo "2920"]
[BlackElo "3083"]
[TimeControl "180+1"]
[EndTime "8:55:20 PDT"]
[Termination "DenLaz won on time"]

1. d4 Nf6 2. c4 e6 3. Nf3 d5 4. g3 Bb4+ 5. Bd2 a5 6. Bg2 O-O 7. Qc2 c5 8. dxc5 d4 9. Bxb4 axb4 10.
Ne5 Na6 11. c6 Qc7 12. cxb7 Bxb7 13. Bxb7 Qxb7 14. O-O Qc7 15. f4 Nd5 16. Rc1 Ne3 17. Qe4 Rfd8 18. Nd2 Nc5 19. Qf3 f6 20. Nc6 e5 21. Nxd8 Rxd8 22. Ne4 Ne6 23. f5 Nc5 24. Nf2 Re8 25. Ne4 Qc6 26. Nxc5 Qxc5 27. Qe4 g6 28. g4 Kg7 29. Kh1 g5 30. a3 b3 31.
a4 h5 32. gxh5 Rh8 33. a5 Rxh5 34. a6 Qf8 35. Rg1 Qh8 0-1

[Event "Early-Titled-Tuesday-Blitz-September-12-2023"]
[Site "Chess.com"]
[Date "2023.09.12"]
[Round "5"]
[White "Arystanner"]
[Black "GMBenjaminBok"]
[Result "0-1"]
[WhiteElo "2834"]
[BlackElo "2991"]
[TimeControl "180+1"]
[EndTime "8:55:20 PDT"]
[Termination "GMBenjaminBok won by resignation"]

1. d4 Nf6 2. c4 e6 3. Nc3 Bb4 4. Nf3 O-O 5. Qc2 d5 6. a3 Bxc3+ 7. Qxc3 b6 8. Bg5 dxc4 9. Qxc4 Ba6 10. Qa4 h6 11.
Bh4 c5 12. dxc5 bxc5 13. Rd1 Qb6 14. Bxf6 gxf6 15. e3 Bxf1 16. Kxf1 Nc6 17. h4 Rad8 18. Qg4+ Kh7 19. Re1 f5 20. Qa4 Rd6 21. Qc2 Rb8 22. g3 Qb7 23. Qxc5 Rd5 24. Qc3 Rb5 25. Qf6 Ne5 26. Ng5+ hxg5 27. e4 g4 28. h5 Nf3 29.
Rc1 Nd2+ 30. Kg1 Nxe4 31. Qd4 e5 32. Qd3 Rxb2 33. Re1 Rb1 34. Kh2 Rxe1 35. Rxe1 Qb2 36. Re2 Qd4 37. Qa6 Qd7 38. h6 Qe6 39. Qxa7 Qxh6+ 40. Kg2 Qh3+ 41. Kg1 Rb1+ 0-1